 Dungeon Crawl Stone Soup version 0.28-a0-1447-ga5a8893891 (webtiles) character file.

Game seed: 13173814332791104056

183 leviel the Chopper (level 5, 0/46 (47) HPs)
             Began as a Hill Orc Fighter on Jan 11, 2022.
             Slain by Eustachio (6 damage)
             ... on level 4 of the Dungeon.
             The game lasted 00:04:57 (3482 turns).

leviel the Chopper (Hill Orc Fighter)               Turns: 3482, Time: 00:04:58

HP:   0/46 (47)     AC:  9    Str: 21      XL:     5   Next: 62%
MP:   5/5           EV:  9    Int:  8      God:
Gold: 111           SH:  4    Dex:  9 (10) Spells: 4/4 levels left

rFire   . . .      SeeInvis .   a - +0 war axe
rCold   . . .      Faith    .   c - +0 buckler
rNeg    . . .      Spirit   .   b - +0 scale mail
rPois   .          Reflect  .   (no helmet)
rElec   .          Harm     .   j - +0 cloak
rCorr   .          Rampage  .   (no gloves)
Will    .....                   o - +0 pair of boots
Stlth   ..........              (no amulet)
HPRegen 0.15/turn               (no ring)
MPRegen 0.09/turn               (no ring)

@: lightly drained
A: no striking features
a: no special abilities


You were on level 4 of the Dungeon.
You visited 1 branch of the dungeon, and saw 4 of its levels.

You collected 111 gold pieces.

Inventory:

Hand Weapons
 a - a +0 war axe (weapon)
Missiles
 n - 30 poisoned darts
Armour
 b - a +0 scale mail (worn)
 c - a +0 buckler (worn)
 j - a +0 cloak (worn)
 o - a +0 pair of boots (worn)
Wands
 d - a wand of flame (13) (quivered)
 s - a wand of digging (4)
Scrolls
 e - a scroll of teleportation
 h - 2 scrolls of vulnerability
 k - 3 scrolls of torment
Potions
 f - a potion of heal wounds
 g - 3 potions of curing
 l - a potion of brilliance
 m - a potion of magic {unknown}
 q - 3 potions of haste {unknown}


   Skills:
 + Level 4.8 Fighting
 * Level 5.3 Axes
 + Level 4.3 Armour
 - Level 3.5 Shields


You had 4 spell levels left.
You didn't know any spells.
Your spell library contained the following spells:

 Spells                   Type           Power      Damage    Failure   Level
 Blink                    Tloc           0%         N/A       92%         2
 Lesser Beckoning         Tloc           0%         N/A       99%         3
 Airstrike                Air            0%         N/A       100%        4
 Hailstorm                Conj/Ice       0%         3d3       100%        4
 Ice Form                 Ice/Tmut       0%         N/A       100%        4
 Leda's Liquefaction      Hex/Erth       0%         N/A       100%        4
 Summon Lightning Spire   Summ/Air       0%         N/A       100%        4
 Manifold Assault         Tloc           0%         N/A       100%        5
 Simulacrum               Ice/Necr       0%         N/A       100%        6
 Lehudib's Crystal Spear  Conj/Erth      0%         10d2      100%        8


Dungeon Overview and Level Annotations

Branches:
Dungeon (4/15)
 Temple: D:4-7

Altars:

Annotations:
D:3 1 runed translucent door, Crazy Yiuf
D:4 Eustachio


Message History

Eustachio mumbles some strange words.
The quasit bites you but does no damage.
You block the quasit's attack.
The quasit claws you but does no damage.
You barely miss Eustachio.
Eustachio is severely wounded.
You miss the quasit.
The rat disappears in a puff of smoke!
The bat hits you but does no damage. The shadow imp puffs mist at you.
You block the quasit's attack.
The quasit claws you but does no damage.
The quasit barely misses you. Eustachio hits you but does no damage.
You closely miss Eustachio.
Eustachio is severely wounded.
You slash the quasit! The bat closely misses you.
You block the quasit's attack.
The quasit claws you but does no damage.
You block the quasit's attack.
Eustachio mumbles some strange words.
Eustachio blinks!
The quasit barely misses you. The quasit claws you.
* * * LOW HITPOINT WARNING * * *
The quasit claws you.
* * * LOW HITPOINT WARNING * * *
The bat hits you but does no damage. Eustachio hits you with a +0 rapier.
* * * LOW HITPOINT WARNING * * *
The river rat bites you but does no damage.
You miss Eustachio.
Eustachio is severely wounded.
You closely miss the river rat. You miss the bat. You slash the quasit!
You kill the quasit!
The quasit disappears in a puff of smoke!
The crimson imp disappears in a puff of smoke!
The bat barely misses you. Eustachio hits you but does no damage.
The river rat bites you.
* * * LOW HITPOINT WARNING * * *
The quokka closely misses you.
Eustachio screams, "Hey, you killed my favourite bat!"
Eustachio hits you with a +0 rapier.
You die...

#....+.........#. ###
###'##..###.##+#.
#+###..###..##..###.#....
............'.......#....
............#..(....'....
.##+##+##.######..##..#....
#.......#.##.###..##..#####
#.......#..@.#....#....#
#......§#r@..#....#....#
#.......rbr..#....#....#
#......§#....#....#....#
#.......#....#....#....#
#!......################
#########


You could see Eustachio, a river rat (summoned), 2 quokkas and a bat (summoned).

Vanquished Creatures
  An iguana (D:3)
  Ijyb (D:3)
  Terence (D:3)
  4 adders
  A worm (D:2)
  A dart slug (D:3)
  5 orcs (D:3)
  3 endoplasms
  4 giant cockroaches
  8 goblins
  8 hobgoblins
  A kobold (D:1)
  2 quokkas
  6 ball pythons
  5 bats
  3 frilled lizards
  8 rats
62 creatures vanquished.

Vanquished Creatures (others)
  A fungus (D:3)
1 creature vanquished.

Grand Total: 63 creatures vanquished

Notes
Turn   | Place    | Note
-------+----------+-------------------------------------------
     0 | D:1      | leviel the Hill Orc Fighter began the quest for the Orb.
     0 | D:1      | Reached XP level 1. HP: 19/19 MP: 1/1
    62 | D:1      | Reached XP level 2. HP: 27/27 MP: 2/2
    85 | D:1      | Reached skill level 3 in Axes
   795 | D:2      | Reached XP level 3. HP: 17/33 MP: 3/3
   942 | D:2      | Got Sif Muna's Handbook of Ashen Air
  1558 | D:2      | Reached skill level 4 in Axes
  1561 | D:2      | Reached XP level 4. HP: 18/40 MP: 4/4
  1976 | D:3      | Noticed Terence
  1996 | D:3      | HP: 1/41 [Terence (4)]
  1999 | D:3      | Killed Terence
  2001 | D:3      | Reached XP level 5. HP: 3/47 MP: 5/5
  2399 | D:3      | Found a runed translucent door.
  2400 | D:3      | Noticed Crazy Yiuf
  2431 | D:3      | Reached skill level 5 in Axes
  2594 | D:3      | Noticed Ijyb
  2612 | D:3      | Killed Ijyb
  2676 | D:3      | Found a faded altar of an unknown god.
  3456 | D:4      | Noticed Eustachio
  3482 | D:4      | Slain by Eustachio

Illustrated notes

Levels and vault maps discovered:
D:1:      amcnicky_arrival_choice, layout_basic, chequers_serial_rivers_room_b
D:2:      layout_basic, minmay_misc_feat_nine_boxes, minmay_misc_feat_x,
          minmay_misc_feat_chi
D:3:      layout_rooms, hellmonk_ecumenical_altar_heavens_door, minmay_cupped,
          uniq_crazy_yiuf_cottage, uniq_terence, uniq_ijyb
D:4:      layout_gridville, kennysheep_mini_moat, serial_shops,
          nicolae_shop_crystal, hellmonk_ghost_happy_afterlife,
          minmay_joined_circles, uniq_eustachio

Skill      XL: |  1  2  3  4  5 |
---------------+----------------+-----
Axes           | 3 4 5 |  5.3
Fighting       | 4 |  4.8
Armour         | 4 |  4.3
Shields        | |  3.5

Action                   |  1- 3 |  4- 6 || total
-------------------------+-------+-------++-------
Melee: War axe           |   101 |   117 ||   218
Throw: Dart              |       |     2 ||     2
Evoke: Wand              |       |     6 ||     6
  Use: Potion            |       |     1 ||     1
       Scroll            |       |     8 ||     8
Armor: Scale mail        |    59 |    76 ||   135
Dodge: Dodged            |    57 |    58 ||   115
Block: Buckler           |    22 |    38 ||    60

Table legend: (Time is in decaauts)
 A = Elapsed time spent in this place.
 B = Non-inter-level travel time spent in this place.
 C = Inter-level travel time spent in this place.
 D = Time resting spent in this place.
 E = Time spent auto-exploring this place.
 F = Levels seen in this place.
 G = Mean time per level.
                   A        B        C        D        E       F      G
               +--------+--------+--------+--------+--------+-----+--------+
         Total |   3554 |   3478 |     76 |    465 |   2468 |   4 |  888.5 |
       Dungeon |   3554 |   3478 |     76 |    465 |   2468 |   4 |  888.5 |
               +--------+--------+--------+--------+--------+-----+--------+

Top non-repeatable levels by time:
     D:3: 1406 daAuts
     D:2: 1225 daAuts
     D:1: 794 daAuts
     D:4: 127 daAuts
